 Dungeon Crawl Stone Soup version 0.28-a0-863-g8cecda6153 (webtiles) character file.

Game seed: 7847413343211454189

2660 ytrimaz the Fighter (level 9, -1/58 (74) HPs)
             Began as a Formicid Fighter on Nov 17, 2021.
             Was a Priest of Cheibriados.
             Slain by a wight (8 damage)
             ... on level 6 of the Dungeon.
             The game lasted 00:11:48 (8493 turns).

ytrimaz the Fighter (Formicid Fighter)              Turns: 8493, Time: 00:11:48

HP:   -1/58 (74)    AC: 16    Str: 33    XL:     9   Next: 94%
MP:   0/12          EV: 12    Int: 16    God:    Cheibriados [***...]
Gold: 1003          SH:  5    Dex: 17    Spells: 8/8 levels left

rFire   . . .      SeeInvis +   d - +1 war axe (elec)
rCold   + . .      Faith    .   c - +0 buckler
rNeg    . . .      Spirit   +   G - +0 plate armour
rPois   .          Reflect  .   (helmet unavailable)
rElec   +          Harm     .   (no cloak)
rCorr   +          Rampage  .   h - +0 pair of gloves {Str+3}
Will    .....                   n - +0 pair of boots
Stlth   ..........              q - amulet of guardian spirit
HPRegen 0.19/turn               m - ring of willpower
MPRegen 0.13/turn               l - ring "Zoaseych" {rElec rC+ Will- rCorr EV+4}

@: heavily drained, very slow
A: permanent stasis, dig shafts and tunnels, antennae 3, four strong arms
a: Dig, Shaft Self, Renounce Religion, Bend Time, Temporal Distortion


You were on level 6 of the Dungeon.
You worshipped Cheibriados.
Cheibriados was most pleased with you.
You visited 1 branch of the dungeon, and saw 7 of its levels.
You also visited: Ossuary.

You collected 1160 gold pieces.
You spent 157 gold pieces at shops.

Inventory:

Hand Weapons
 a - a +0 rapier
 d - a +1 war axe of electrocution (weapon)
 e - a +0 war axe
 k - a +2 dagger of venom
Missiles
 b - a boomerang
 t - 50 poisoned darts
Armour
 c - a +0 buckler (worn)
 h - a +0 pair of gloves of strength (worn)
 n - a +0 pair of boots (worn)
 G - a +0 plate armour (worn)
Jewellery
 l - the ring "Zoaseych" (right hand) {rElec rC+ Will- rCorr EV+4}
   (You found it on level 6 of the Dungeon)

   [ring of evasion]

   EV:        It affects your evasion (+4).
   rC:        It protects you from cold.
   rElec:     It insulates you from electricity.
   rCorr:     It protects you from acid and corrosion.
   Will:      It decreases your willpower.
 m - a ring of willpower (left hand)
 q - an amulet of guardian spirit (around neck)
 u - a ring of resist corrosion
 w - a ring of protection from fire
Wands
 F - a wand of iceblast (6)
Scrolls
 f - 2 scrolls of amnesia
 j - 2 scrolls of immolation
 p - 2 scrolls of fog
 s - a scroll of enchant weapon
 y - 2 scrolls of fear
 A - a scroll of torment
 B - a scroll of enchant armour
 C - 2 scrolls of identify
 D - a scroll of noise
Potions
 g - 2 potions of attraction
 i - 2 potions of cancellation {unknown}
 r - a potion of resistance
 v - 2 potions of flight
 x - a potion of ambrosia {unknown}
 z - a potion of might
 E - a potion of magic {unknown}
 H - a potion of curing


   Skills:
 * Level 8.0 Fighting
 * Level 7.7 Short Blades
 + Level 7.9 Armour
 - Level 4.2 Shields
 * Level 5.0 Invocations


You had 8 spell levels left.
You didn't know any spells.
Your spell library contained the following spells:

 Spells                   Type           Power      Damage    Failure   Level
 Animate Skeleton         Necr           0%         N/A       86%         1
 Apportation              Tloc           0%         N/A       86%         1
 Summon Small Mammal      Summ           0%         N/A       86%         1
 Corpse Rot               Necr/Air       0%         N/A       95%         2
 Dispel Undead            Necr           0%         3d6       100%        4
 Death Channel            Necr           0%         N/A       100%        6


Dungeon Overview and Level Annotations

Branches:
Dungeon (7/15)             Temple (0/1) D:4         Ossuary (visited)

Altars:
Cheibriados
Elyvilon
Uskayaw
Vehumet
Xom
Zin

Shops:
D:3 [


Innate Abilities, Weirdness & Mutations

You cannot be hasted, slowed, berserked, paralysed or teleported.
You can dig through walls and to a lower floor.
You have a pair of large antennae on your head. (SInv)
Your four strong arms can wield two-handed weapons with a shield.


Message History

You block the wight's attack. The wight barely misses you.
The wight hits you with a +0 war axe.
You feel drained. The wight hits you but does no damage. The wight misses you.
The wight hits you with a +5 falchion!
You feel drained.
You closely miss the wight.
The wight is heavily damaged.
You closely miss the wight. The wight hits you but does no damage.
The wight hits you from afar with a +3 spear.
You feel drained.
The wight hits you from afar with a +3 spear!
* * * LOW HITPOINT WARNING * * *
The wight hits you with a +5 falchion.
* * * LOW HITPOINT WARNING * * *
Unknown command.
You feel much better. The wight hits you with a +0 war axe.
You feel drained.
The wight hits you from afar with a +3 spear.
The wight misses you. You block the wight's attack.
Unknown command.
The wight hits you but does no damage. The wight hits you with a +0 war axe!
* * * LOW HITPOINT WARNING * * *
You feel drained.
* * * LOW HITPOINT WARNING * * *
The wight barely misses you.
Unknown command.
The wight hits you from afar with a +3 spear.
* * * LOW HITPOINT WARNING * * *
You feel drained.
* * * LOW HITPOINT WARNING * * *
Found a ruby potion.
The wight hits you but does no damage. The wight misses you.
The wight hits you but does no damage.
There is a stone staircase leading up here.
The wight closely misses you. x2
You climb upwards.
There is a stone staircase leading down here.
The wight hits you with a +5 falchion.
* * * LOW HITPOINT WARNING * * *
The wight closely misses you. The wight hits you with a +5 falchion!
You die...

### ### ####.#######.##
###........##...##
#..........>.....#
##..............###
##..........#.....#
#...#..#...z#z....#
#...#..#.##.@..#..#
##....#...<.#..#.##
#.....##..##############
##...[..#.##.....#....#.##
##(........###.##.##.#....###
#..........##.##.##.###.#...#
##..........#..#..#..##..#..###
##........##.##.##.###.##....#
##.......#.)#..#..#...###...[


You could see 2 wights.

Vanquished Creatures
  A vampire mosquito (D:6)
  A sky beast (D:6)
  2 black bears (D:6)
  2 necrophages
  An ogre (D:6)
  9 scorpions
  A water moccasin skeleton (D:6)
  6 killer bees (D:6)
  3 centaur zombies (Ossuary)
  2 bullfrog zombies
  A human zombie (Ossuary)
  2 orc priests
  A gnoll shaman (D:4)
  3 hounds
  2 jellies
  A bullfrog skeleton (D:4)
  An iguana (D:5)
  Terence (D:2)
  2 orc wizards
  7 scorpion zombies (Ossuary)
  A killer bee zombie (D:6)
  A hound zombie (D:4)
  4 mummies
  A howler monkey zombie (D:6)
  Robin (D:2)
  15 gnolls
  A howler monkey skeleton (D:6)
  2 adders (D:2)
  A shadow imp (D:6)
  3 worms
  A dart slug (D:4)
  21 orcs
  6 ball pythons
  5 endoplasms
  A giant cockroach (D:2)
  2 gnoll zombies (Ossuary)
  19 goblins
  11 hobgoblins
  3 jackals (D:3)
  4 quokkas
  3 bats
  4 frilled lizards
  2 goblin zombies (Ossuary)
  2 hobgoblin zombies (Ossuary)
  9 kobolds
  3 kobold zombies (Ossuary)
  An orc zombie (Ossuary)
  5 rats
181 creatures vanquished.

Notes
Turn   | Place    | Note
-------+----------+-------------------------------------------
     0 | D:1      | ytrimaz the Formicid Fighter began the quest for the Orb.
     0 | D:1      | Reached XP level 1. HP: 18/18 MP: 1/1
    32 | D:1      | Reached XP level 2. HP: 21/24 MP: 2/2
   536 | D:1      | You fall into a shaft and drop 1 floor!
   549 | D:2      | Reached XP level 3. HP: 14/29 MP: 3/3
   769 | D:2      | Noticed Terence
   790 | D:2      | HP: 1/29 [Terence (9)]
   791 | D:2      | Killed Terence
  1212 | D:2      | Reached XP level 4. HP: 4/36 MP: 4/4
  1770 | D:1      | Found a faded altar of an unknown god.
  1825 | D:1      | You fall into a shaft and drop 1 floor!
  2294 | D:2      | Noticed Robin
  2323 | D:2      | Killed Robin
  2471 | D:2      | Reached XP level 5. HP: 37/42 MP: 5/5
  2967 | D:2      | Identified a scroll of acquirement
  2967 | D:2      | Acquired 947 gold pieces
  2984 | D:3      | Found a glowing silver altar of Zin.
  3273 | D:3      | Reached skill level 4 in Fighting
  3512 | D:3      | Reached XP level 6. HP: 47/48 MP: 6/6
  3705 | D:3      | Found a snail-covered altar of Cheibriados.
  3903 | D:3      | Became a worshipper of Cheibriados the Contemplative
  4017 | D:3      | Found Ysekaukk's Antique Armour Shop.
  4025 | D:3      | Bought a pair of runed gloves for 157 gold pieces
  4538 | D:4      | Reached skill level 1 in Invocations
  4600 | D:4      | Found a staircase to the Ecumenical Temple.
  4733 | D:4      | Reached skill level 5 in Armour
  4744 | D:4      | Reached * piety under Cheibriados
  4745 | D:4      | Reached XP level 7. HP: 54/55 MP: 7/7
  4759 | D:4      | Found a sand-covered staircase.
  4776 | Ossuary  | Entered an ossuary
  4817 | Ossuary  | Reached skill level 5 in Short Blades
  5086 | Ossuary  | Reached skill level 5 in Fighting
  5096 | Ossuary  | Reached XP level 8. HP: 43/62 MP: 6/9
  5131 | Ossuary  | Reached ** piety under Cheibriados
  5504 | Ossuary  | Reached skill level 6 in Fighting
  6414 | D:5      | Entered Level 5 of the Dungeon
  6447 | D:5      | Reached XP level 9. HP: 71/71 MP: 11/11
  6583 | D:5      | Reached skill level 7 in Fighting
  7039 | D:5      | Found a hide-covered altar of Uskayaw.
  7127 | D:6      | Reached *** piety under Cheibriados
  7800 | D:6      | Identified the ring "Zoaseych" {rElec rC+ Will- rCorr EV+4}
  8122 | D:6      | Reached skill level 5 in Invocations
  8182 | D:6      | Reached skill level 8 in Fighting
  8222 | D:6      | Found a white marble altar of Elyvilon.
  8401 | D:6      | Found a radiant altar of Vehumet.
  8401 | D:6      | Found a shimmering altar of Xom.
  8493 | D:6      | Slain by a wight

Illustrated notes

Levels and vault maps discovered:
D:1:      heliophobic_arrival_ceremonial_halls, layout_basic,
          chequers_ecumenical_altar_island, columned_hall_lemuel
D:2:      layout_basic, kennysheep_potato, uniq_robin, uniq_terence
D:3:      layout_basic, minitemple, serial_curves, eino_curves_03,
          eino_curves_02, serial_shops, shop
D:4:      layout_rooms, minmay_temple_entry_from_below_a,
          gup_ossuary_entry_pyramid
D:5:      layout_rooms, lemuel_coloured_pillars_altar
D:6:      minmay_angry_zag, layout_cave_pools,
          mainiacjoe_overflow_cross_hatched, gammafunk_temple_overflow_elements
D:7:      nzn_winding_woodlands_cross [nzn_winding_woodlands_5x15_cabin,
          nzn_winding_woodlands_5x15_split_checker,
          nzn_winding_woodlands_5x15_garden, nzn_winding_woodlands_5x15_zeroes,
          nzn_winding_woodlands_15x15_thick_spiral], layout_loops_ring,
          minivault_27, minmay_gold_behind_fungi, chequers_arboretum,
          uniq_prince_ribbit1

Skill      XL: |  1  2  3  4  5  6  7  8  9 |
---------------+----------------------------+-----
Short Blades   | 3 4 5 6 7 |  7.7
Shields        | 4 |  4.2
Armour         | 4 5 6 7 |  7.9
Fighting       | 4 5 6 8 |  8.0
Invocations    | 1 2 3 5 |  5.0

Action                   |  1- 3 |  4- 6 |  7- 9 || total
-------------------------+-------+-------+-------++-------
Melee: Rapier            |    96 |     4 |       ||   100
       Dagger            |       |   229 |   331 ||   560
       War axe           |       |       |   109 ||   109
Invok: Bend Time         |       |       |     3 ||     3
 Abil: Dig               |       |     1 |     1 ||     2
  Use: Potion            |     1 |       |     8 ||     9
       Scroll            |       |     8 |     4 ||    12
Armor: Scale mail        |    32 |    82 |   167 ||   281
       Plate armour      |       |       |    28 ||    28
Dodge: Dodged            |    30 |    86 |   248 ||   364
Block: Buckler           |    20 |    33 |   110 ||   163

Table legend: (Time is in decaauts)
 A = Elapsed time spent in this place.
 B = Non-inter-level travel time spent in this place.
 C = Inter-level travel time spent in this place.
 D = Time resting spent in this place.
 E = Time spent auto-exploring this place.
 F = Levels seen in this place.
 G = Mean time per level.
                   A        B        C        D        E       F      G
               +--------+--------+--------+--------+--------+-----+--------+
         Total |   9444 |   8918 |    526 |   1637 |   5425 |   8 | 1180.5 |
       Dungeon |   8413 |   7887 |    526 |   1306 |   5234 |   7 | 1201.9 |
       Ossuary |   1031 |   1031 |      0 |    330 |    190 |   1 | 1031.0 |
               +--------+--------+--------+--------+--------+-----+--------+

Top non-repeatable levels by time:
     D:2: 1935 daAuts
     D:3: 1655 daAuts
     D:6: 1612 daAuts
     D:4: 1242 daAuts
     D:1: 1043 daAuts
 Ossuary: 1031 daAuts
     D:5: 892 daAuts
     D:7: 30 daAuts
